 Dungeon Crawl Stone Soup version 0.26.1-11-gd32895ea62 (webtiles) character file.

Game seed: 17959549778521298819

49 Zeld the Sneak (level 3, -5/24 HPs)
             Began as an Octopode Brigand on May 15, 2021.
             Was a Follower of Fedhas.
             Splashed by a jelly's acid (10 damage)
             ... on level 2 of the Dungeon.
             The game lasted 00:01:43 (1474 turns).

Zeld the Sneak (Octopode Brigand)                   Turns: 1474, Time: 00:01:46

Health: -5/24      AC: -7    Str: 11    XL:     3   Next: 75%
Magic:  5/5        EV: 13    Int: 13    God:    Fedhas [*.....]
Gold:   87         SH:  0    Dex: 13    Spells: 4/4 levels left

rFire    . . .     SeeInvis .   a - +2 dagger
rCold    . . .     Faith    .   (no shield)
rNeg     . . .     Spirit   .   (helmet restricted)
rPois    .         Reflect  .   (no amulet)
rElec    .         Harm     .   (no ring)
rCorr    .         Rampage  .   (no ring)
Will     .....                  (no ring)
Stlth    ++++......             (no ring)
HPRegen  0.08/turn              (no ring)
MPRegen  0.09/turn              (no ring)
                                (no ring)
                                (no ring)

@: corroded
A: almost no armour, stealthy swim, amphibious, 8 rings, constrict 8, camouflage
1, gelatinous body 1
a: Renounce Religion


You were on level 2 of the Dungeon.
You worshipped Fedhas.
Fedhas was aware of your devotion.
You visited 1 branch of the dungeon, and saw 2 of its levels.

You collected 87 gold pieces.

Inventory:

Hand Weapons
 a - a +2 dagger (weapon)
Missiles
 b - 8 poisoned darts (quivered)
 c - 2 curare-tipped darts
Scrolls
 e - a scroll of enchant armour {unknown}
 f - 4 scrolls of identify {unknown}
 l - a scroll of blinking {unknown}
 m - a scroll of fog {unknown}
 o - a scroll of immolation {unknown}
 q - a scroll of fear {unknown}
Potions
 d - a potion of berserk rage {unknown}
 g - a potion of heal wounds {unknown}
 h - a potion of flight {unknown}
 i - a potion of lignification {unknown}
 j - 2 potions of attraction {unknown}
 k - 2 potions of degeneration {unknown}
 n - a potion of brilliance {unknown}
 p - a potion of mutation {unknown}


   Skills:
 - Level 2.0 Fighting
 - Level 2.0 Short Blades
 * Level 3.4 Throwing
 - Level 1.0 Dodging
 - Level 5.3 Stealth
 + Level 1.4 Spellcasting


You had 4 spell levels left.
You didn't know any spells.
Your spell library was empty.

Dungeon Overview and Level Annotations

Branches:
Dungeon (2/15)

Altars:
Fedhas
Xom


Innate Abilities, Weirdness & Mutations

You cannot wear most types of armour.
You are very stealthy in the water. (Stealth+)
You are amphibious.
You can wear up to eight rings at the same time.
You can use your tentacles to constrict eight enemies at once.
Your skin changes colour to match your surroundings (Stealth+).
Your rubbery body absorbs attacks. (AC +1, EV +1)


Message History

There are monsters nearby!
There are monsters nearby!
You closely miss the giant cockroach. You grab the giant cockroach.
You constrict the giant cockroach, but do no damage.
The giant cockroach misses you.
You barely miss the giant cockroach. You constrict the giant cockroach.
The giant cockroach closely misses you.
You hit the giant cockroach.
You kill the giant cockroach!
Fedhas accepts your kill.
You hit the jelly. The acid corrodes you!
Your tentacles burn!
The jelly is lightly wounded.
The jelly hits you. The acid corrodes you!
You are splashed with acid!
You hit the jelly but do no damage.
Your tentacles burn!
You squeeze the jelly.
The jelly is moderately wounded.
The jelly hits you.
* * * LOW HITPOINT WARNING * * *
You are splashed with acid!
You die...
Fedhas appreciates your contribution to the ecosystem.

## ####### .# #.....# .#
#.....# .# #.....# #
.##### #.....# ...
.....#####.....####.....
..>.............@J......
##
.....#####....)#####....
#. #<...# ###...# . #.
#....# #...# ####.# #.
##†###### #...# ......
#. †.......# #####
...... ##. ##.####.#
...... #.. ....# #.#
....## #.. ##..###.# ..
...# #..


You could see a jelly.

Vanquished Creatures
  2 dart slugs
  2 leopard geckos (D:2)
  2 bats (D:1)
  4 giant cockroaches
  4 goblins
  5 hobgoblins
  4 jackals (D:1)
  5 kobolds
  5 frilled lizards
  6 rats
39 creatures vanquished.

Notes
Turn   | Place    | Note
-------+----------+-------------------------------------------
     0 | D:1      | Zeld the Octopode Brigand began the quest for the Orb.
     0 | D:1      | Reached XP level 1. HP: 14/14 MP: 1/1
    67 | D:2      | Found a blossoming altar of Fedhas.
    79 | D:2      | Became a worshipper of Fedhas Madash
   134 | D:1      | Reached XP level 2. HP: 7/19 MP: 2/2
   418 | D:1      | Found a shimmering altar of Xom.
   529 | D:1      | Reached skill level 1 in Spellcasting
   649 | D:1      | Reached XP level 3. HP: 18/24 MP: 4/4
  1472 | D:2      | Reached * piety under Fedhas
  1474 | D:2      | Splashed by a jelly's acid

Illustrated notes

Levels and vault maps discovered:
D:1:      giann_bridges, layout_basic, xom_teletrap_fun
D:2:      layout_basic, fedhas_ov_isle_minmay, uniq_sigmund, uniq_natasha

Skill      XL: |  1  2 |
---------------+-------+-----
Spellcasting   | 1 |  1.4
Throwing       | 3 |  3.4
Fighting       | |  2.0
Short Blades   | |  2.0
Dodging        | |  1.0
Stealth        | |  5.3

Action                   || total
-------------------------++-------
Melee: Dagger            ||    73
       Constrict         ||    21
       Tentacles         ||    10
 Stab: Sleeping          ||    11
Armor: Skin              ||     4
Dodge: Dodged            ||    33
